 Dungeon Crawl Stone Soup version 0.28.0-1-gb440e238dd (webtiles) character file.

Game seed: 6894727573555290166

28 Sanktem7 the Skirmisher (level 3, 33/33 HPs)
             Began as a Minotaur Fighter on Feb 24, 2022.
             Tarried too long and was consumed by Zot
             ... on level 1 of the Dungeon.
             The game lasted 00:11:54 (5977 turns).

Sanktem7 the Skirmisher (Minotaur Fighter)          Turns: 5977, Time: 00:11:54

Health: 33/33      AC:  7    Str: 22    XL:     3   Next: 0%
Magic:  2/2        EV:  9    Int:  5    God:
Gold:   10         SH:  4    Dex:  9    Spells: 2/2 levels left

rFire   . . .      SeeInvis .   a - +0 war axe {axe}
rCold   . . .      Faith    .   c - +0 buckler
rNeg    . . .      Spirit   .   b - +0 scale mail
rPois   .          Reflect  .   (helmet restricted)
rElec   .          Harm     .   (no cloak)
rCorr   .          Rampage  .   (no gloves)
Will    .....                   (no boots)
Stlth   ..........              (no amulet)
HPRegen 0.11/turn               (no ring)
MPRegen 0.08/turn               (no ring)

@: bezotted
A: horns 2, retaliatory headbutt
a: no special abilities


You were on level 1 of the Dungeon.
You visited 1 branch of the dungeon, and saw 1 of its levels.

You collected 10 gold pieces.


Innate Abilities, Weirdness & Mutations

You have a pair of horns on your head.
You reflexively headbutt those who attack you in melee.


   Skills:
 * Level 4.1 Fighting
 * Level 3.2 Axes
 + Level 3.9 Armour
 + Level 3.9 Shields


You had 2 spell levels left.
You didn't know any spells.
Your spell library contained the following spells:

 Spells                   Type           Power      Damage    Failure   Level
 Tukima's Dance           Hex            0%         N/A       99%         3
 Passage of Golubria      Tloc           0%         N/A       100%        4
 Yara's Violent Unravell  Hex/Tmut       0%         3d3       100%        5

Inventory:

Hand Weapons
 a - a +0 war axe (weapon) {axe}
Missiles
 e - 13 arrows
 h - 2 stones (quivered) {throwing}
 i - 18 sling bullets
Armour
 b - a +0 scale mail (worn)
 c - a +0 buckler (worn)
Jewellery
 j - an amulet of faith {!P}
   (You found it on level 1 of the Dungeon)
Scrolls
 g - a scroll of magic mapping {unknown}
Potions
 d - a potion of might
 f - a potion of heal wounds {unknown}
 k - a potion of flight {unknown}

Dungeon Overview and Level Annotations

Branches:
Dungeon (1/15)

Altars:

###
###############.######
#....@................
#.#############.######
#.# ######## #.# #....
#.# #.### ##.########
#.### #.........#
#######....
#..######.###....).....
#..# #............#.


There were no monsters in sight!


Message History

You kill the jackal!
You block the jackal's attack.
You closely miss the jackal. The jackal bites you.
The jackal barely misses you. 😮 HP[-3]
You take 3 damage, and now have 17/27 hp.
You completely miss the jackal. Your headbutt misses the jackal.
The jackal bites you but does no damage. x2
You barely miss the jackal.
The jackal bites you but does no damage. x2
You hit the jackal. The jackal closely misses you. x2
You miss the jackal. The jackal closely misses you.
The jackal barely misses you.
You hit the jackal but do no damage. You headbutt the jackal.
You kill the jackal!
You hit the kobold but do no damage.
You block the kobold's attack. x2 😮 HP[+1]
You closely miss the kobold. The kobold hits you but does no damage.
You hit the kobold but do no damage. The kobold hits you but does no damage.
You hit the kobold but do no damage. Your headbutt misses the kobold.
The kobold hits you but does no damage. x2
You closely miss the kobold. The kobold hits you but does no damage.
You miss the kobold. Your headbutt misses the kobold.
You block the kobold's attack.
You hit the kobold.
You kill the kobold!
Things that are here:
a +0 club {mace}; a jackal corpse 😮 HP[+1]
An endoplasm comes into view.
The endoplasm quivers. 😎 HP[+8]
Your hp is fully restored (27).
An endoplasm is nearby!
An endoplasm is nearby!
An endoplasm is nearby!
An endoplasm is nearby!
An endoplasm is nearby!
An endoplasm is nearby!
An endoplasm is nearby!
A hobgoblin comes into view.
The hobgoblin shouts!
You slash the hobgoblin!
You kill the hobgoblin!
You barely miss the endoplasm. You headbutt the endoplasm.
The endoplasm freezes you.
You are frozen.
The endoplasm freezes you.
You are frozen. 😕 HP[-3]
You take 3 damage, and now have 24/27 hp.
You completely miss the endoplasm. The endoplasm closely misses you.
You slash the endoplasm!
You kill the endoplasm!
You have reached level 3!
Your experience leads to an increase in your attributes!
Increase (S)trength, (I)ntelligence, or (D)exterity?
You feel stronger. x2 😕 HP[+5] MP[+1]
You now have 33 max hp (+6).
You regained 5 hp, and now have 29/33 hp.
Your mp is fully restored (2).
You pick up Great Wizards, Vol.
VII and begin reading...
You add the spells Tukima's Dance, Passage of Golubria and Yara's Violent Unravelling to your library. 😎 HP[+4]
Your hp is fully restored (33).
Key pressed, stopping explore.
Key pressed, stopping explore.
j - an amulet of faith {!P} No target in view!
You see here a +0 hunting sling {sling}.
Key pressed, stopping explore.
Key pressed, stopping explore.
k - a cyan potion Key pressed, stopping explore.
Key pressed, stopping explore.
Key pressed, stopping explore.
Key pressed, stopping explore.
Key pressed, stopping explore.
Key pressed, stopping explore.
Key pressed, stopping explore.
Done exploring.
Done exploring.
Done exploring.
Done exploring.
Done exploring.
Done exploring.
Done exploring.
Done exploring.
Done exploring.
You see here a +0 hunting sling {sling}.
You see here a +0 club {mace}.
You see here a +0 club {mace}.
You see here a +0 dagger {short}.
You see here a +0 dagger {short}.
You have lingered too long.
Zot senses you.
Dive deeper or flee this branch before you perish!
Zot draws nearer.
Dive deeper or flee this branch before you perish!
Zot has nearly found you.
Death is approaching.
Descend or flee this branch!
Zot has found you!
You die...

Skill      XL: |  1  2 |
---------------+-------+-----
Axes           | 3 |  3.2
Fighting       | 4 |  4.1
Armour         | |  3.9
Shields        | |  3.9

Action                   || total
-------------------------++-------
Melee: War axe           ||    60
       Headbutt          ||     5
Armor: Scale mail        ||    26
Dodge: Dodged            ||    29
Block: Buckler           ||    15

Levels and vault maps discovered:
D:1:      elethiomel_arrival_quiet, layout_loops_ring,
          shapermc_ecumenical_altar_mp_highgroup

Notes
Turn   | Place    | Note
-------+----------+-------------------------------------------
     0 | D:1      | Sanktem7 the Minotaur Fighter began the quest for the Orb.
     0 | D:1      | Reached XP level 1. HP: 19/19 MP: 0/0
     0 | D:1      | magus.rc [v1.9.6]
   640 | D:1      | magus.rc [v1.9.6]
  1621 | D:1      | magus.rc [v1.9.6]
  1994 | D:1      | Reached XP level 2. HP: 27/27 MP: 1/1
  2121 | D:1      | Reached skill level 3 in Axes
  2125 | D:1      | Found a faded altar of an unknown god.
  2146 | D:1      | Reached skill level 4 in Fighting
  2469 | D:1      | Reached XP level 3. HP: 29/33 MP: 2/2
  2509 | D:1      | You add the spells Tukima's Dance, Passage of Golubria and
                  | Yara's Violent Unravelling to your library.
  4977 | D:1      | Glimpsed the power of Zot.
  5477 | D:1      | Glimpsed the power of Zot.
  5877 | D:1      | Glimpsed the power of Zot.
  5976 | D:1      | Glimpsed the power of Zot.
  5977 | D:1      | Tarried too long and was consumed by Zot

Vanquished Creatures
  A dart slug (D:1)
  3 endoplasms (D:1)
  2 giant cockroaches (D:1)
  2 goblins (D:1)
  2 hobgoblins (D:1)
  4 jackals (D:1)
  A quokka (D:1)
  3 ball pythons (D:1)
  2 frilled lizards (D:1)
  3 kobolds (D:1)
  A rat (D:1)
24 creatures vanquished.

Table legend:
 A = Non-vault XP
 B = Vault XP
 C = Vault XP percentage of total XP
 D = Non-vault monster count
 E = Vault monster count
 F = Vault count percentage of total count
                 A         B        C        D         E       F
            +---------+---------+-------+---------+---------+-------
      Total |      41 |       0 |   0.0 |      24 |       0 |   0.0
            +---------+---------+-------+---------+---------+-------
        D:1 |      41 |       0 |   0.0 |      24 |       0 |   0.0
            +---------+---------+-------+---------+---------+-------

Illustrated notes

Table legend:
 A = Kills in this place as a percentage of kills in entire the game.
 B = Kills by you in this place as a percentage of kills by you in the entire game.
 C = Kills by friends in this place as a percentage of kills by friends in the entire game.
 D = Other kills in this place as a percentage of other kills in the entire game.
 E = Experience gained in this place as a percentage of experience gained in the entire game.
 F = Experience gained in this place divided by the number of levels of this place that you have seen.
                   A       B       C       D       E      F
               +-------+-------+-------+-------+-------+----------------------
         Total | 100.0 | 100.0 |   N/A |   N/A | 100.0 |  41.0
       Dungeon | 100.0 | 100.0 |   N/A |   N/A | 100.0 |  41.0
               +-------+-------+-------+-------+-------+----------------------

Table legend: (Time is in decaauts)
 A = Elapsed time spent in this place.
 B = Non-inter-level travel time spent in this place.
 C = Inter-level travel time spent in this place.
 D = Time resting spent in this place.
 E = Time spent auto-exploring this place.
 F = Levels seen in this place.
 G = Mean time per level.
                   A        B        C        D        E       F      G
               +--------+--------+--------+--------+--------+-----+--------+
         Total |   5999 |   5999 |      0 |      0 |    837 |   1 | 5999.0 |
       Dungeon |   5999 |   5999 |      0 |      0 |    837 |   1 | 5999.0 |
               +--------+--------+--------+--------+--------+-----+--------+

Top non-repeatable levels by time:
     D:1: 5999 daAuts
